 Dungeon Crawl Stone Soup version 0.22.1-1-ga44c0e56f4 (webtiles) character file.

115 OwwwwO the Ruffian (level 5, -3/42 HPs)
             Began as a Ghoul Gladiator on Sept 20, 2018.
             Killed from afar by an orc wizard (7 damage)
             ... with a magic dart
             ... on level 4 of the Dungeon.
             The game lasted 00:08:46 (2721 turns).

OwwwwO the Ruffian (Ghoul Gladiator)                Turns: 2721, Time: 00:08:47

Health: -3/42      AC:  5    Str: 15 (18) XL:     5   Next: 0%
Magic:  4/4        EV: 12    Int:  2 (3)  God:
Gold:   183        SH:  0    Dex:  9 (11) Spells: 4/4 levels left

rFire    x . .     SeeInvis .     - Unarmed
rCold    + + .     Gourm    .   (no shield)
rNeg     + + +     Faith    .   a - +0 leather armour
rPois    ∞         Spirit   .   b - +0 helmet
rElec    .         Reflect  .   (no cloak)
rCorr    .         Harm     .   q - +0 pair of gloves
MR       .....                  (no boots)
Stlth    +.........             (no amulet)
HPRegen  0.00/turn              g - ring of ice
MPRegen  0.09/turn              (no ring)

@: rotting, slowed, very slow
A: rotting body, claws 1, carnivore, cold resistance 1, negative energy
resistance 3, inhibited regeneration, torment resistance, unbreathing
a: no special abilities


You were on level 4 of the Dungeon.
You were not hungry.

You visited 1 branch of the dungeon, and saw 4 of its levels.

You collected 183 gold pieces.

Inventory:

Hand Weapons
 d - a cursed -3 spear
Missiles
 c - 3 throwing nets (quivered)
Armour
 a - a +0 leather armour (worn)
 b - a +0 helmet (worn)
 q - a +0 pair of gloves (worn)
Jewellery
 g - a ring of ice (left hand)
Scrolls
 e - 2 scrolls of identify
 h - a scroll of enchant weapon {unknown}
 k - 2 scrolls of magic mapping {unknown}
 l - a scroll of random uselessness {unknown}
 n - a scroll of enchant armour {unknown}
 o - a scroll of fear {unknown}
 p - a scroll of remove curse {unknown}
Potions
 s - a potion of magic
 u - a potion of invisibility {unknown}
Comestibles
 i - 4 rations


   Skills:
 + Level 2.7 Fighting
 + Level 2.0 Throwing
 + Level 1.6 Armour
 + Level 3.2 Dodging
 + Level 0.7 Stealth
 + Level 4.4 Unarmed Combat


You had 4 spell levels left.
You didn't know any spells.
Your spell library was empty.

Dungeon Overview and Level Annotations

Branches:
Dungeon (4/15)
 Temple: D:4-7

Altars:
Cheibriados


Innate Abilities, Weirdness & Mutations

Your body is rotting away.
You thrive on raw meat.
You are immune to poison.
You have sharp fingernails.
You are carnivorous and can eat meat at any time.
Your flesh is cold resistant. (rC+)
You are immune to negative energy. (rN+++)
You do not regenerate when monsters are visible.
You are immune to unholy pain and torment.
You can survive without breathing.


Message History

The magic dart hits you!
The orc wizard gestures at you while chanting.
The magic dart hits you! The orc hits you with a short sword.
* * * LOW HITPOINT WARNING * * *
The adder bites you but does no damage.
The orc wizard points at you and mumbles some strange words.
The magic dart hits you!
* * * LOW HITPOINT WARNING * * *
You hear an angry hiss.
You hear a shout! x2
The orc wizard casts a spell at you. You resist with some effort.
The orc wizard gestures wildly while chanting.
The orc wizard blinks!
The orc barely misses you. The adder barely misses you.
The orc barely misses you. The orc wizard misses you. The adder misses you.
The orc barely misses you. The orc wizard barely misses you.
The orc wizard misses you. The orc hits you but does no damage.
The orc wizard points at you and mumbles some strange words.
The magic dart hits you!
You die...

...............
...............
..............
.............
...........##
............#
..%........S##
.........ohoo##
..........#o@.#
.........###...#
........## ##..#
........# #...
.......## #...
....... ...#
....... ....
....... ..#.
.......


You could see a howler monkey, 2 orc wizards, an adder and 2 orcs.

Vanquished Creatures
  An adder (D:3)
  2 oozes (D:3)
  4 worms (D:2)
  3 dart slugs
  A leopard gecko (D:3)
  6 orcs
  2 ball pythons
  3 bats
  5 giant cockroaches
  6 goblins
  9 hobgoblins
  2 jackals (D:3)
  2 quokkas (D:2)
  9 frilled lizards
  9 kobolds
  5 rats
69 creatures vanquished.

Notes
Turn   | Place    | Note
-------+----------+-------------------------------------------
     0 | D:1      | OwwwwO the Ghoul Gladiator began the quest for the Orb.
     0 | D:1      | Reached XP level 1. HP: 17/17 MP: 0/0
   224 | D:1      | Reached XP level 2. HP: 17/25 MP: 1/1
   907 | D:2      | Reached XP level 3. HP: 28/30 MP: 2/2
  1228 | D:2      | Reached skill level 4 in Unarmed Combat
  1251 | D:2      | Reached skill level 1 in Armour
  1447 | D:2      | Reached XP level 4. HP: 21/37 MP: 3/3
  1759 | D:3      | Found a snail-covered altar of Cheibriados.
  2555 | D:4      | Reached XP level 5. HP: 26/42 MP: 4/4
  2721 | D:4      | Killed from afar by an orc wizard

Skill      XL: |  1  2  3 |
---------------+----------+-----
Dodging        | 3 |  3.2
Throwing       | 2 |  2.0
Unarmed Combat | 4 |  4.4
Armour         | 1 |  1.6
Fighting       | |  2.7
Stealth        | |  0.7

Action                   |  1- 3 |  4- 6 || total
-------------------------+-------+-------++-------
Melee: Unarmed           |   117 |   114 ||   231
  Use: Potion            |     1 |     5 ||     6
       Scroll            |     1 |     2 ||     3
 Stab: Sleeping          |       |     1 ||     1
  Eat: Chunk             |     2 |     5 ||     7
       Ration            |     1 |     1 ||     2
Armor: Leather armour    |    31 |    38 ||    69
Dodge: Dodged            |    56 |    77 ||   133
